 Dungeon Crawl Stone Soup version 0.31-a0-1338-gb567cfdca4 (webtiles) character file.

Game seed: 2869359764499943127

1057 jasper the Artisan of Death (level 8, -10/46 (52) HPs)
             Began as a Mummy Necromancer on Dec 22, 2023.
             Was a Priest of Kikubaaqudgha.
             Mangled by Joseph
             ... wielding a +0 quarterstaff
              (17 damage)
             ... on level 7 of the Dungeon.
             The game lasted 00:08:21 (5431 turns).

jasper the Artisan of Death (Mummy Necromancer)     Turns: 5431, Time: 00:08:22

HP:   -10/46 (52)   AC:  9    Str: 21    XL:     8   Next: 6%
MP:   15/17         EV: 11    Int: 16    God:    Kikubaaqudgha [***...]
Gold: 302           SH:  5    Dex: 12    Spells: 5/19 levels left

rFire   x . .        v - +1 hand cannon (chaos)
rCold   + . .        s - +0 buckler
rNeg    + + +        e - +0 leather armour
rPois   ∞            h - +2 helmet of the Boiling Point {Str+9}
rElec   .            (no cloak)
rCorr   .            g - +2 pair of gloves
SInv    .            (no boots)
Will    +....        f - amulet of regeneration
Stlth   +            (no ring)
HPRegen 1.07/turn    (no ring)
MPRegen 0.15/turn

%: faith
@: heavily drained
A: cold resistance 1, negative energy resistance 3, torment resistance 2, heat
vulnerability 1, in touch with death 1, no potions, faith
a: Renounce Religion, Unearth Wretches


You were on level 7 of the Dungeon.
You worshipped Kikubaaqudgha.
Kikubaaqudgha was most pleased with you.
You visited 1 branch of the dungeon, and saw 7 of its levels.

You collected 302 gold pieces.

Inventory:

Hand Weapons
 c - a +0 dagger
 d - a +0 short sword
 t - a +2 short sword of speed
 v - a +1 hand cannon of chaos (weapon)
Missiles
 b - 41 stones
 m - 5 atropa-tipped darts
Armour
 a - a +0 robe
 e - a +0 leather armour (worn)
 g - a +2 pair of gloves (worn)
 h - the +2 helmet of the Boiling Point (worn) {Str+9}
   (You acquired it on level 3 of the Dungeon)

   Str+9:     It affects your strength (+9).
 j - a +0 helmet
 l - an orb of guile
 n - a +2 hat
 s - a +0 buckler (worn)
Magical Staves
 i - a staff of air
Jewellery
 f - an amulet of regeneration (around neck)
 x - a ring of ice
Wands
 z - a wand of charming (10)
Scrolls
 k - a scroll of revelation
 o - a scroll of immolation {unknown}
 p - 2 scrolls of teleportation
 q - a scroll of amnesia {unknown}
 r - 2 scrolls of fog
 u - a scroll of enchant weapon
 w - 2 scrolls of vulnerability {unknown}
 y - a scroll of identify


   Skills:
 - Level 1.5 Dodging
 - Level 1.5 Stealth
 - Level 4.4 Shields
 + Level 6.2 Spellcasting
 + Level 0.2 Hexes
 + Level 7.2 Necromancy


You had 5 spell levels left.
You knew the following spells:

 Your Spells              Type           Power      Damage    Failure   Level
a - Necrotise             Necr           100%       1d9       1%          1
b - Cigotuvi's Dreadful   Necr/Alch/Air  36%        N/A       11%         2
c - Vampiric Draining     Necr           42%        2d9       3%          3
d - Animate Dead          Necr           42%        N/A       10%         4
e - Anguish               Hex/Necr       12%        N/A       38%         4

Your spell library contained the following spells:

 Spells                   Type           Power      Damage    Failure   Level
 Dispel Undead            Necr           42%        3d17      10%         4
 Magic Dart               Conj           16%        1d3       21%         1
 Agony                    Necr           42%        N/A       28%         5
 Blink                    Tloc           8%         N/A       30%         2
 Call Imp                 Summ           8%         N/A       30%         2
 Dazzling Flash           Conj/Hex       10%        N/A       50%         3
 Volatile Blastmotes      Fire/Tloc      8%         2d10      52%         3
 Simulacrum               Ice/Necr       12%        N/A       100%        6
 Starburst                Conj/Fire      2%         6d3       100%        6
 Maxwell's Capacitive Co  Air            2%         ∞         100%        8


Dungeon Overview and Level Annotations

Branches:
Dungeon (7/15)
 Temple: D:4-7

Altars:
Cheibriados
Kikubaaqudgha
Wu Jian

Shops:
D:1 (

Annotations:
D:3 1 transporter, jasper's ghost, amateur DsNe
D:7 Joseph


Innate Abilities, Weirdness & Mutations

You are immune to poison.
Your flesh is cold resistant. (rC+)
You are immune to negative energy. (rN+++)
You are immune to unholy pain and torment.
You are vulnerable to heat. (rF-)
You are in touch with the powers of death.
You do not drink.
You have a special connection with the divine. (Faith)


Message History

You hear a shout! x2
Joseph shoots a sling bullet.
You block the sling bullet.
An orc comes into view. It is wielding a +0 hand axe.
Fire: v) +1 hand cannon (chaos)
Press: ? - help, Q - select action, (/) - cycle Shift-Dir - straight line, f/p - Joseph
Aim: Joseph, wielding a +0 sling and wearing a +0 leather armour (lightly wounded, 59% to hit)
You shoot a bolt. The bolt hits Joseph!
Joseph flies into a frenzy!
Joseph is moderately wounded.
An orc comes into view. It is wielding a +0 mace.
Joseph shouts!
Fire: v) +1 hand cannon (chaos)
Press: ? - help, Q - select action, (/) - cycle Shift-Dir - straight line, f/p - Joseph
Aim: Joseph, wielding a +0 sling and wearing a +0 leather armour (moderately wounded, fast, strong, frenzied and wild, 59% to hit)
You shoot a bolt. The bolt hits Joseph!
The bolt burns Joseph.
Joseph is heavily wounded.
You hear a shout!
Joseph unwields a +0 sling.
Joseph wields a +0 quarterstaff.
You block Joseph's attack.
You shoot a bolt. The bolt hits Joseph.
Joseph suddenly seems more resistant.
Joseph is heavily wounded.
Joseph barely misses you. Joseph misses you.
Joseph hits you with a +0 quarterstaff!!
You take 19 damage, and have 33/52 hp.
MASSIVE DAMAGE!!
You shoot a bolt. The bolt barely misses Joseph.
You block Joseph's attack.
An orc comes into view. It is wielding a +0 falchion.
The orc hits you but does no damage. Joseph hits you with a +0 quarterstaff!
Joseph hits you with a +0 quarterstaff!!
* * * LOW HITPOINT WARNING * * *
You take 28 damage, and have 5/52 hp.
MASSIVE DAMAGE!!
Joseph shouts!
The orc hits you with a +0 hand axe.
* * * LOW HITPOINT WARNING * * *
Okay, then.
Casting: Vampiric Draining (dangerous; 3% risk of failure)
Confirm with . or Enter, or press ? or * to list all spells.
You feel a surge of power!
A part of your flesh rots into a cloud of miasma!
You feel drained. Joseph hits you with a +0 quarterstaff!
You die...
Kikubaaqudgha rasps: "You have failed me!
Welcome... oblivion!"

#...
.........####..########.
#.>.
........................
#.##
#.##.#####.##..#########
#. #.##.# #.##..#
#.#####.##..#
#...........#
#######.###.# #.###.#...
########@...o....
......°@oo...#...
##############.. .. ###


You could see 3 orcs and the neutral Joseph (fast, strong, frenzied, resistant).

Vanquished Creatures
  A water moccasin (D:6)
  An ogre (D:4)
  2 phantoms
  A kobold brigand (D:5)
  2 scorpions (D:4)
  4 hounds
  A jelly (D:6)
  A gnoll bouda (D:6)
  An iron imp (D:4)
  2 iguanas
  2 sleepcaps
  3 gnolls (D:6)
  8 adders
  2 bombardier beetles
  A white imp (D:6)
  2 worms
  3 dart slugs
  10 orcs
  6 ball pythons
  6 bats
  5 endoplasms
  4 giant cockroaches
  5 goblins
  2 hobgoblins (D:4)
  12 jackals
  4 frilled lizards
  7 kobolds
  3 rats
101 creatures vanquished.

Vanquished Creatures (collateral kills)
  An orc (D:6)
  A goblin (D:1)
  2 kobolds
  A rat (D:1)
5 creatures vanquished.

Vanquished Creatures (others)
  A gnoll zombie (D:6)
  A kobold zombie (D:5)
2 creatures vanquished.

Grand Total: 108 creatures vanquished

Notes
Turn   | Place    | Note
-------+----------+-------------------------------------------
     0 | D:1      | jasper the Mummy Necromancer began the quest for the Orb.
     0 | D:1      | Reached XP level 1. HP: 13/13 MP: 4/4
   227 | D:1      | Reached XP level 2. HP: 19/19 MP: 3/6
   289 | D:1      | Found a faded altar of an unknown god.
   292 | D:1      | Prayed at the altar of an unknown god.
   292 | D:1      | Became a worshipper of Kikubaaqudgha
   292 | D:1      | Reached * piety under Kikubaaqudgha
   292 | D:1      | Received a gift from Kikubaaqudgha
   296 | D:1      | Learned a level 2 spell: Cigotuvi's Dreadful Rot
  1012 | D:1      | Found Qymyet's Weapon Emporium.
  1419 | D:2      | Reached XP level 3. HP: 24/24 MP: 5/8
  1424 | D:2      | Learned a level 3 spell: Vampiric Draining
  1623 | D:2      | Reached ** piety under Kikubaaqudgha
  1868 | D:2      | Reached skill level 5 in Necromancy
  2036 | D:2      | Reached XP level 4. HP: 30/30 MP: 5/10
  2049 | D:2      | Learned a level 4 spell: Animate Dead
  2698 | D:3      | Found a transporter.
  2698 | D:3      | Noticed jasper's ghost (amateur DsNe)
  2703 | D:3      | Noticed a necrophage
  2929 | D:3      | Identified a scroll of acquirement
  2929 | D:3      | Acquired the +2 helmet of the Boiling Point {Str+9}
  2959 | D:4      | Noticed an ogre
  2981 | D:3      | Reached skill level 1 in Shields
  3007 | D:4      | Killed an ogre
  3008 | D:4      | Reached XP level 5. HP: 35/35 MP: 6/11
  3199 | D:4      | Found a snail-covered altar of Cheibriados.
  3225 | D:4      | Reached skill level 6 in Necromancy
  3314 | D:4      | Reached XP level 6. HP: 41/41 MP: 10/12
  3379 | D:4      | Reached *** piety under Kikubaaqudgha
  3379 | D:4      | Received a gift from Kikubaaqudgha
  3926 | D:5      | Entered Level 5 of the Dungeon
  3949 | D:5      | Found an ornate altar of the Wu Jian Council.
  4000 | D:5      | Reached XP level 7. HP: 46/46 MP: 9/13
  4285 | D:5      | You fall into a shaft and drop 1 floor!
  4659 | D:6      | Reached skill level 5 in Spellcasting
  5090 | D:6      | Learned a level 4 spell: Anguish
  5102 | D:6      | Reached skill level 7 in Necromancy
  5147 | D:6      | Reached XP level 8. HP: 44/52 MP: 15/17
  5424 | D:7      | Noticed Joseph
  5431 | D:7      | Mangled by Joseph

Illustrated notes

Levels and vault maps discovered:
D:1:      dpeg_arrival_stone_temple_mockup, layout_basic,
          hellmonk_ecumenical_altar_inner_sanctum, serial_shops,
          nicolae_shop_trees
D:2:      layout_basic
D:3:      layout_loops_ring, gammafunk_ghost_mausoleum
D:4:      layout_cave_pods, slow_altar_1
D:5:      layout_loops_ring, lemuel_doored_altar, zin_statuary
D:6:      layout_loops_cross
D:7:      layout_loops_ring, marbit_many_paths,
          minmay_temple_entry_purple_smoke, uniq_joseph

Skill      XL: |  1  2  3  4  5  6  7 |
---------------+----------------------+-----
Spellcasting   | 3 4 6 |  6.2
Necromancy     | 5 6 7 |  7.2
Shields        | 1 2 4 |  4.4
Dodging        | |  1.5
Stealth        | |  1.5
Hexes          | |  0.2

Action                     |  1- 3 |  4- 6 |  7- 9 || total
---------------------------+-------+-------+-------++-------
  Melee: Unarmed           |     9 |       |       ||     9
         Punch             |     1 |       |       ||     1
         Dagger            |    16 |       |       ||    16
         Short sword       |       |    35 |       ||    35
   Fire: Hand cannon       |       |    68 |    66 ||   134
  Throw: Dart              |       |     2 |       ||     2
         Stone             |       |     1 |       ||     1
   Cast: Necrotise         |    56 |    39 |       ||    95
         Vampiric Draining |       |     1 |     4 ||     5
         Animate Dead      |       |     1 |     1 ||     2
         Cigotuvi's Dreadf |       |     1 |     1 ||     2
    Use: Scroll            |       |     9 |       ||     9
 Armour: Robe              |    11 |       |       ||    11
         Leather armour    |     6 |    51 |    43 ||   100
  Dodge: Dodged            |    29 |    41 |    23 ||    93
  Block: Buckler           |       |    17 |    16 ||    33

Table legend: (Time is in decaauts)
 A = Elapsed time spent in this place.
 B = Non-inter-level travel time spent in this place.
 C = Inter-level travel time spent in this place.
 D = Time resting spent in this place.
 E = Time spent auto-exploring this place.
 F = Levels seen in this place.
 G = Mean time per level.
                   A        B        C        D        E       F      G
               +--------+--------+--------+--------+--------+-----+--------+
         Total |   5547 |   5314 |    233 |      0 |   4472 |   7 |  792.4 |
       Dungeon |   5547 |   5314 |    233 |      0 |   4472 |   7 |  792.4 |
               +--------+--------+--------+--------+--------+-----+--------+

Top non-repeatable levels by time:
     D:1: 1371 daAuts
     D:4: 997 daAuts
     D:2: 921 daAuts
     D:6: 811 daAuts
     D:5: 692 daAuts
     D:3: 675 daAuts
     D:7: 77 daAuts
